TOP OF THE 1ST |
Cincinnati Reds batting - Pitching for Atlanta Braves : RHP James Shields
|
Pitching: RHP James Shields
|
|
Batting: RHB Trea Turner
|
0-0: Ball 1-0: Fly out, F3 (Popup, 34S)
|
Batting: LHB Scooter Gennett
|
0-0: Bunted foul 0-1: Ball 1-1: Fly out, F9 (Flyball, 9S)
|
Batting: LHB Robinson Cano
|
0-0: Ball 1-0: Foul Ball, location: 2F 1-1: Ball 2-1: Called Strike 2-2: Fly out, F8 (Flyball, 8LS)
|
Top of the 1st over - 0 runs, 0 hits, 0 errors, 0 left on base; Cincinnati 0 - Atlanta 0 |
BOTTOM OF THE 1ST |
Atlanta Braves batting - Pitching for Cincinnati Reds : RHP Tyler Duffey
|
Pitching: RHP Tyler Duffey
|
|
Batting: LHB Mallex Smith
|
0-0: Ball 1-0: Ball 2-0: Ball 3-0: Base on Balls
|
Batting: LHB Ben Gamel
|
0-0: Ball 1-0: Ball 2-0: Called Strike 2-1: Foul Ball, location: 2F 2-2: Strikes out swinging
|
Batting: RHB Miguel Sano
|
0-0: Called Strike 0-1: Foul Ball, location: 2F 0-2: Fly out, F8 (Flyball, 78M)
|
Batting: LHB Greg Bird
|
0-0: Called Strike 0-1: Called Strike 0-2: Ball 1-2: Strikes out swinging
|
Bottom of the 1st over - 0 runs, 0 hits, 0 errors, 1 left on base; Cincinnati 0 - Atlanta 0 |
TOP OF THE 2ND |
Cincinnati Reds batting - Pitching for Atlanta Braves : RHP James Shields
|
Batting: RHB Edwin Encarnacion
|
0-0: Ball 1-0: Foul Ball, location: 2F 1-1: Called Strike 1-2: Foul Ball, location: 2F 1-2: Ground out 1-3 (Groundball, 13)
|
Batting: LHB Adrian Gonzalez
|
0-0: Ball 1-0: Called Strike 1-1: Called Strike 1-2: Foul Ball, location: 2F 1-2: Foul Ball, location: 2F 1-2: Ball 2-2: Ball 3-2: Fly out, F8 (Flyball, 8RXD)
|
Batting: LHB Joey Gallo
|
0-0: Foul Ball, location: 2F 0-1: Ball 1-1: SINGLE (Groundball, 4MD)
|
Batting: SHB Yasmani Grandal
|
0-0: Foul Ball, location: 2F 0-1: Swinging Strike 0-2: Ball 1-2: Foul Ball, location: 2F 1-2: Foul Ball, location: 2F Balk! Joey Gallo to second 1-2: Ground out 6-3 (Groundball, 4MD)
|
Top of the 2nd over - 0 runs, 1 hit, 0 errors, 1 left on base; Cincinnati 0 - Atlanta 0 |
BOTTOM OF THE 2ND |
Atlanta Braves batting - Pitching for Cincinnati Reds : RHP Tyler Duffey
|
Batting: RHB Domingo Santana
|
0-0: Called Strike 0-1: Swinging Strike 0-2: Ball 1-2: Strikes out swinging
|
Batting: SHB Leury Garcia
|
0-0: Foul Ball, location: 2F 0-1: Ball 1-1: Ball 2-1: Ball 3-1: SINGLE (Line Drive, 6D)
|
Batting: RHB Kurt Suzuki
|
0-0: SINGLE (Flyball, 4MD) Leury Garcia to second
|
Batting: RHB Jose Iglesias
|
0-0: Ball 1-0: Ball 2-0: Foul Ball, location: 2F 2-1: Swinging Strike 2-2: Fielders Choice at 2nd, 5-4 (Groundball, 56S) Leury Garcia to third
|
Batting: RHB James Shields
|
0-0: Ball 1-0: Called Strike 1-1: Ball 2-1: Called Strike 2-2: Ball 3-2: Strikes out looking
|
Bottom of the 2nd over - 0 runs, 2 hits, 0 errors, 2 left on base; Cincinnati 0 - Atlanta 0 |
TOP OF THE 3RD |
Cincinnati Reds batting - Pitching for Atlanta Braves : RHP James Shields
|
Batting: RHB Tyler Duffey
|
0-0: Called Strike 0-1: Swinging Strike 0-2: Foul Ball, location: 2F 0-2: DOUBLE (Flyball, 89D)
|
Batting: LHB Jarrod Dyson
|
0-0: Called Strike 0-1: TRIPLE (Flyball, 89XD) Tyler Duffey scores
|
Batting: RHB Trea Turner
|
0-0: Called Strike 0-1: Ball 1-1: Ball 2-1: Foul Ball, location: 2F 2-2: Ground out 6-3 (Groundball, 6) Jarrod Dyson scores
|
Batting: LHB Scooter Gennett
|
0-0: Called Strike 0-1: Fly out, F8 (Flyball, 8LM)
|
Batting: LHB Robinson Cano
|
0-0: Ball 1-0: Swinging Strike 1-1: Foul Ball, location: 2F 1-2: Ball 2-2: SINGLE (Flyball, 9LS)
|
Batting: RHB Edwin Encarnacion
|
0-0: Ball 1-0: Called Strike 1-1: Ball 2-1: Foul Ball, location: 2F 2-2: Ball 3-2: Base on Balls Robinson Cano to second
|
Batting: LHB Adrian Gonzalez
|
0-0: Swinging Strike 0-1: Ball 1-1: Foul Ball, location: 2F 1-2: Foul Ball, location: 2F 1-2: SINGLE (Line Drive, 78M) Robinson Cano to third Edwin Encarnacion to second Throwing error, E7 Robinson Cano scores Edwin Encarnacion to third Adrian Gonzalez to second
|
Batting: LHB Joey Gallo
|
Balk! Edwin Encarnacion scores Adrian Gonzalez to third 0-0: Swinging Strike 0-1: Ball 1-1: Foul Ball, location: 2F 1-2: Strikes out swinging
|
Top of the 3rd over - 4 runs, 4 hits, 1 error, 1 left on base; Cincinnati 4 - Atlanta 0 |
BOTTOM OF THE 3RD |
Atlanta Braves batting - Pitching for Cincinnati Reds : RHP Tyler Duffey
|
Batting: LHB Mallex Smith
|
0-0: Foul Ball, location: 2F 0-1: Ball 1-1: Ball 2-1: Swinging Strike 2-2: Fly out, F2 (Popup, 2L)
|
Batting: LHB Ben Gamel
|
0-0: Ball 1-0: Called Strike 1-1: Swinging Strike 1-2: Strikes out swinging
|
Batting: RHB Miguel Sano
|
0-0: Called Strike 0-1: Swinging Strike 0-2: Fly out, F8 (Line Drive, 8RD)
|
Bottom of the 3rd over - 0 runs, 0 hits, 0 errors, 0 left on base; Cincinnati 4 - Atlanta 0 |
TOP OF THE 4TH |
Cincinnati Reds batting - Pitching for Atlanta Braves : RHP James Shields
|
Batting: SHB Yasmani Grandal
|
0-0: Ball 1-0: Called Strike 1-1: Swinging Strike 1-2: Foul Ball, location: 2F 1-2: Ball 2-2: Foul Ball, location: 2F 2-2: Foul Ball, location: 2F 2-2: Strikes out swinging
|
Batting: RHB Tyler Duffey
|
0-0: DOUBLE (Line Drive, 89M)
|
Batting: LHB Jarrod Dyson
|
0-0: Called Strike 0-1: Ground out 6-3 (Groundball, 56D)
|
Batting: RHB Trea Turner
|
0-0: Swinging Strike 0-1: Called Strike 0-2: Fly out, F6 (Flyball, 6MD)
|
Top of the 4th over - 0 runs, 1 hit, 0 errors, 1 left on base; Cincinnati 4 - Atlanta 0 |
BOTTOM OF THE 4TH |
Atlanta Braves batting - Pitching for Cincinnati Reds : RHP Tyler Duffey
|
Batting: LHB Greg Bird
|
0-0: Called Strike 0-1: Ball 1-1: Swinging Strike 1-2: Strikes out swinging
|
Batting: RHB Domingo Santana
|
0-0: Ground out 6-3 (Groundball, 6MD)
|
Batting: SHB Leury Garcia
|
0-0: Fly out, F8 (Line Drive, 8LM)
|
Bottom of the 4th over - 0 runs, 0 hits, 0 errors, 0 left on base; Cincinnati 4 - Atlanta 0 |
TOP OF THE 5TH |
Cincinnati Reds batting - Pitching for Atlanta Braves : RHP James Shields
|
Batting: LHB Scooter Gennett
|
0-0: Ball 1-0: Ball 2-0: Fly out, F7 (Flyball, 78M)
|
Batting: LHB Robinson Cano
|
0-0: Ball 1-0: SINGLE (Flyball, 78S)
|
Batting: RHB Edwin Encarnacion
|
0-0: Ball 1-0: Foul Ball, location: 2F 1-1: Grounds into double play, 6-4-3 (Groundball, 56)
|
Top of the 5th over - 0 runs, 1 hit, 0 errors, 0 left on base; Cincinnati 4 - Atlanta 0 |
BOTTOM OF THE 5TH |
Atlanta Braves batting - Pitching for Cincinnati Reds : RHP Tyler Duffey
|
Batting: RHB Kurt Suzuki
|
0-0: Called Strike 0-1: Ball 1-1: Ground out 4-3 (Groundball, 4)
|
Batting: RHB Jose Iglesias
|
0-0: Ball 1-0: Called Strike 1-1: Ball 2-1: Foul Ball, location: 2F 2-2: Foul Ball, location: 2F 2-2: Strikes out swinging
|
Batting: RHB James Shields
|
0-0: Ball 1-0: Ball 2-0: Foul Ball, location: 2F 2-1: Swinging Strike 2-2: Foul Ball, location: 2F 2-2: Foul Ball, location: 2F 2-2: Strikes out swinging
|
Bottom of the 5th over - 0 runs, 0 hits, 0 errors, 0 left on base; Cincinnati 4 - Atlanta 0 |
BOTTOM OF THE 6TH |
Atlanta Braves batting - Pitching for Cincinnati Reds : RHP Tyler Duffey
|
Batting: LHB Mallex Smith
|
0-0: Called Strike 0-1: Foul Ball, location: 2F 0-2: Foul Ball, location: 2F 0-2: Ball 1-2: Foul Ball, location: 2F 1-2: Ball 2-2: Strikes out swinging
|
Pitching: RHP Jake Peavy
|
|
Batting: LHB Ben Gamel
|
0-0: Called Strike 0-1: Called Strike 0-2: Fly out, F7 (Flyball, 78D)
|
Batting: RHB Miguel Sano
|
0-0: Called Strike 0-1: Ball 1-1: Swinging Strike 1-2: Ball 2-2: Strikes out swinging
|
Bottom of the 6th over - 0 runs, 0 hits, 0 errors, 0 left on base; Cincinnati 5 - Atlanta 0 |
TOP OF THE 7TH |
Cincinnati Reds batting - Pitching for Atlanta Braves : RHP Michael Lorenzen
|
Batting: LHB Robinson Cano
|
0-0: Called Strike 0-1: Ball 1-1: Ball 2-1: SINGLE (Flyball, 7LS)
|
Batting: RHB Edwin Encarnacion
|
0-0: Swinging Strike 0-1: Swinging Strike 0-2: Strikes out swinging
|
Pitching: RHP Marco Estrada
|
|
Batting: LHB Adrian Gonzalez
|
0-0: Called Strike 0-1: Foul Ball, location: 2F 0-2: Strikes out swinging
|
Batting: LHB Joey Gallo
|
0-0: Ball 1-0: Ball 2-0: Foul Ball, location: 2F 2-1: Foul Ball, location: 2F 2-2: DOUBLE (Line Drive, 9LM) Robinson Cano to third Runner from 3rd tries for Home, SAFE, throw by RF to home
|
Batting: SHB Yasmani Grandal
|
0-0: Ball 1-0: Ball 2-0: Called Strike 2-1: DOUBLE (Flyball, 89XD) Joey Gallo scores
|
Batting: RHB Jake Peavy
|
0-0: Ball 1-0: Called Strike 1-1: Ball 2-1: Swinging Strike 2-2: Strikes out swinging
|
Top of the 7th over - 2 runs, 3 hits, 0 errors, 1 left on base; Cincinnati 7 - Atlanta 0 |
BOTTOM OF THE 7TH |
Atlanta Braves batting - Pitching for Cincinnati Reds : RHP Jake Peavy
|
Batting: LHB Greg Bird
|
0-0: Ball 1-0: Ball 2-0: Called Strike 2-1: Ball 3-1: Base on Balls
|
Batting: RHB Domingo Santana
|
0-0: Ball 1-0: Foul Ball, location: 2F 1-1: 2-RUN HOME RUN (Flyball, 78XD), Distance : 399 ft
|
Batting: SHB Leury Garcia
|
0-0: Called Strike 0-1: Ball 1-1: Ground out 4-3 (Groundball, 4)
|
Batting: RHB Kurt Suzuki
|
0-0: Swinging Strike 0-1: Ball 1-1: Swinging Strike 1-2: Foul Ball, location: 2F 1-2: Foul Ball, location: 2F 1-2: SINGLE (Groundball, 6MD)
|
Batting: RHB Jose Iglesias
|
0-0: DOUBLE (Groundball, 5L) Kurt Suzuki to third Runner from 3rd tries for Home, SAFE, throw by LF to home
|
Pinch Hitting: RHB Hunter Renfroe
|
0-0: Swinging Strike 0-1: SINGLE (Groundball, 56D) Jose Iglesias to third Runner from 3rd tries for Home, SAFE, throw by LF to home
|
Pitching: LHP Felipe Rivero
|
|
Batting: LHB Mallex Smith
|
0-0: Ball 1-0: Ball 2-0: Ball 3-0: Base on Balls Hunter Renfroe to second
|
Batting: LHB Ben Gamel
|
0-0: Called Strike 0-1: Ball 1-1: Ball 2-1: Fly out, F8 (Line Drive, 8LM)
|
Batting: RHB Miguel Sano
|
0-0: Ball 1-0: Swinging Strike 1-1: Ball 2-1: Ball 3-1: Called Strike 3-2: Strikes out looking
|
Bottom of the 7th over - 4 runs, 4 hits, 0 errors, 2 left on base; Cincinnati 7 - Atlanta 4 |
TOP OF THE 8TH |
Cincinnati Reds batting - Pitching for Atlanta Braves : RHP Marco Estrada
|
Pitching: LHP Enny Romero
|
|
Batting: LHB Jarrod Dyson
|
0-0: Ball 1-0: Swinging Strike 1-1: Foul Ball, location: 2F 1-2: Strikes out swinging
|
Batting: RHB Trea Turner
|
0-0: Ball 1-0: Called Strike 1-1: Ball 2-1: Ball 3-1: Fly out, F2 (Popup, 2RF)
|
Batting: LHB Scooter Gennett
|
0-0: Ball 1-0: Called Strike 1-1: Ball 2-1: Fly out, F8 (Flyball, 8LM)
|
Top of the 8th over - 0 runs, 0 hits, 0 errors, 0 left on base; Cincinnati 7 - Atlanta 4 |
BOTTOM OF THE 8TH |
Atlanta Braves batting - Pitching for Cincinnati Reds : LHP Felipe Rivero
|
Pitching: LHP Rex Brothers
|
|
Now in RF: Colby Rasmus
|
|
Batting: LHB Greg Bird
|
0-0: Called Strike 0-1: Ball 1-1: Foul Ball, location: 2F 1-2: Foul Ball, location: 2F 1-2: Ball 2-2: Ball 3-2: Reached on error, E5 (Groundball, 6)
|
Batting: RHB Domingo Santana
|
0-0: Ball 1-0: Ball 2-0: Foul Ball, location: 2F 2-1: Called Strike 2-2: Ball Passed Ball! Greg Bird to second 3-2: Fly out, F3 (Popup, 3SF)
|
Batting: SHB Leury Garcia
|
0-0: Ball 1-0: Called Strike 1-1: SINGLE (Flyball, 89S) Greg Bird to third
|
Pitching: RHP Bruce Rondon
|
|
Batting: RHB Kurt Suzuki
|
0-0: TRIPLE (Flyball, 89XD) Greg Bird scores Leury Garcia scores
|
Batting: RHB Jose Iglesias
|
0-0: Foul Ball, location: 2F 0-1: Ball 1-1: Called Strike 1-2: Foul Ball, location: 2F 1-2: Ball 2-2: Foul Ball, location: 2F 2-2: Ball 3-2: Strikes out looking
|
Pinch Hitting: LHB Jeremy Hazelbaker
|
0-0: Called Strike 0-1: Ball 1-1: Foul Ball, location: 2F 1-2: Strikes out swinging
|
Bottom of the 8th over - 2 runs, 2 hits, 1 error, 1 left on base; Cincinnati 7 - Atlanta 6 |
TOP OF THE 9TH |
Cincinnati Reds batting - Pitching for Atlanta Braves : LHP Enny Romero
|
Pitching: RHP Peter Moylan
|
|
Batting: LHB Robinson Cano
|
0-0: Ball 1-0: Ball 2-0: Fly out, F8 (Flyball, 8RS)
|
Batting: RHB Edwin Encarnacion
|
0-0: Foul Ball, location: 2F 0-1: Foul Ball, location: 2F 0-2: Ball 1-2: Foul Ball, location: 2F 1-2: Foul Ball, location: 2F 1-2: Fly out, F8 (Flyball, 8LXD)
|
Batting: LHB Adrian Gonzalez
|
0-0: Called Strike 0-1: Ball 1-1: Foul Ball, location: 2F 1-2: Foul Ball, location: 2F 1-2: Ball 2-2: Ground out 1-3 (Groundball, 13S)
|
Top of the 9th over - 0 runs, 0 hits, 0 errors, 0 left on base; Cincinnati 7 - Atlanta 6 |
BOTTOM OF THE 9TH |
Atlanta Braves batting - Pitching for Cincinnati Reds : RHP Bruce Rondon
|
Pitching: LHP Josh Smoker
|
|
Now at 1B: Luis Jimenez
|
|
Pinch Hitting: RHB Jorge Alfaro
|
0-0: Foul Ball, location: 2F 0-1: Ball 1-1: Swinging Strike 1-2: Ball 2-2: Strikes out looking
|
Batting: LHB Ben Gamel
|
0-0: Swinging Strike 0-1: Ball 1-1: Ground out 4-3 (Groundball, 34)
|
Batting: RHB Miguel Sano
|
0-0: SINGLE (Line Drive, 78S)
|
Batting: LHB Greg Bird
|
0-0: Ball 1-0: Ball 2-0: Swinging Strike 2-1: Swinging Strike Passed Ball! Miguel Sano to second 2-2: Foul Ball, location: 2F 2-2: Strikes out swinging
|
Bottom of the 9th over - 0 runs, 1 hit, 0 errors, 1 left on base; Cincinnati 7 - Atlanta 6 |
|